 Dungeon Crawl Stone Soup version 0.17.1-2-g5865329 (webtiles) character file.

17950 Jerry the Blocker (level 12, -1/82 HPs)
             Began as an Octopode Fighter on Jan 29, 2016.
             Was an Elder of Ashenzari.
             Succumbed to a redback's poison
             ... on level 4 of the Lair of Beasts.
             The game lasted 01:26:54 (13478 turns).

Jerry the Blocker (Octopode Fighter)               Turns: 13478, Time: 01:26:54

Health: -1/82      AC: -7    Str: 19    XL:     12   Next: 53%
Magic:  28/28      EV: 20    Int: 11    God:    Ashenzari [****..]
Gold:   610        SH: 14    Dex: 19    Spells: 1 memorised, 17 levels left

rFire  . . .     SeeInvis +     y - +3 falchion (elec) (curse)
rCold  . . .     Clarity  +     b - +1 shield (curse)
rNeg   . . .     SustAt   +     Q - +2 hat
rPois  .         Gourm    .     (no amulet)
rElec  .         Spirit   .     m - +6 ring of protection (curse)
rCorr  .         Warding  .     v - +4 ring of dexterity (curse)
rMut   .         Stasis   .     r - ring of wizardry (curse)
MR     .....                    C - +3 ring of strength (curse)
Stlth  ++++++....               J - ring of sustain attributes (curse)
                                N - ring of magical power (curse)
                                (no ring)
                                (no ring)

@: lethally poisoned (-1 -> -26), corroded equipment, not resistant to hostile
enchantments, very stealthy
A: almost no armour, amphibious, 8 rings, constrict 8, camouflage 1, gelatinous
body 1
a: Scrying, Renounce Religion


You were on level 4 of the Lair of Beasts.
You worshipped Ashenzari.
Ashenzari was greatly pleased with you.
You were not hungry.

You visited 5 branches of the dungeon, and saw 16 of its levels.

You collected 610 gold pieces.

Inventory:

Hand Weapons
 a - a +1 long sword
 y - a cursed +3 falchion of electrocution (weapon)
Missiles
 i - 396 stones (quivered)
 E - 4 poisoned tomahawks
 F - 3 steel tomahawks
Armour
 b - a cursed +1 shield (worn)
 Q - a +2 hat (worn)
Magical Staves
 W - an uncursed staff of conjuration
Jewellery
 m - a cursed +6 ring of protection (left tentacle)
 r - a cursed ring of wizardry (on tentacle)
 v - a cursed +4 ring of dexterity (right tentacle)
 C - a cursed +3 ring of strength (on tentacle)
 J - a cursed ring of sustain attributes (on tentacle)
 N - a cursed ring of magical power (on tentacle)
Wands
 l - a wand of confusion (22)
 n - a wand of frost (10)
 L - a wand of fire (12)
 R - a wand of disintegration (14)
 U - a wand of polymorph (16)
Scrolls
 e - 5 scrolls of immolation
 q - 2 scrolls of remove curse
 D - a scroll of identify
 I - 4 scrolls of curse jewellery
 K - 3 scrolls of curse weapon
 M - 8 scrolls of teleportation
 P - a scroll of amnesia
Potions
 c - 2 potions of cancellation {unknown}
 k - 7 potions of curing
 o - 3 potions of agility {unknown}
 p - 2 potions of magic {unknown}
 s - 2 potions of heal wounds {unknown}
 u - 3 potions of mutation
 w - a potion of beneficial mutation {unknown}
 x - 3 potions of haste {unknown}
 A - 2 potions of brilliance {unknown}
 G - a potion of flight {unknown}
 O - a potion of lignification {unknown}
 S - 2 potions of berserk rage {unknown}
 T - a potion of cure mutation {unknown}
Books
 h - a book of Alchemy

   Spells                             Type                      Level
   a - Sublimation of Blood           Necromancy                   2
   b - Ignite Poison                  Fire/Transmutation/Poison    3
   c - Alistair's Intoxication        Transmutation/Poison         4
   d - Condensation Shield            Ice                          4
   e - Petrify                        Transmutation/Earth          4
   f - Irradiate                      Conjuration/Transmutation    5
 t - a book of Annihilations

   Spells                             Type                      Level
   a - Poison Arrow                   Conjuration/Poison           6
   b - Chain Lightning                Conjuration/Air              8
   c - Lehudib's Crystal Spear        Conjuration/Earth            8
   d - Glaciate                       Conjuration/Ice              9
   e - Fire Storm                     Conjuration/Fire             9
Comestibles
 d - 7 bread rations
 f - 4 beef jerkies
 g - 2 royal jellies
 j - 7 meat rations
 z - 2 fruits
 B - a slice of pizza


   Skills:
 + Level 8.1 Fighting
 + Level 7.5(11.0) Long Blades
 + Level 9.9 Dodging
 - Level 9.0 Stealth
 + Level 10.9(13.0) Shields
 - Level 5.0 Spellcasting
 - Level 4.0(6.2) Transmutations
 - Level 4.0(6.1) Earth Magic


You had 17 spell levels left.
You knew the following spells:

 Your Spells              Type           Power        Failure   Level  Hunger
a - Petrify               Trmt/Erth      ###.....     10%         4    ####...


Dungeon Overview and Level Annotations

Branches:
Dungeon (8/15)             Temple (1/1) D:5            Lair (5/8) D:8
  Swamp (1/4) Lair:3       Spider (1/4) Lair:4

Altars:
Ashenzari
Cheibriados
Dithmenos
Elyvilon
Fedhas
Gozag
Kikubaaqudgha
Makhleb
Nemelex Xobeh
Okawaru
Qazlal
Sif Muna
Trog
Vehumet
Xom
Yredelemnul
Zin
The Shining One

Shops:
D:4 (

Annotations:
D:2 Natasha


Innate Abilities, Weirdness & Mutations

You cannot wear most types of armour.
You are amphibious.
You can wear up to eight rings at the same time.
You can use your tentacles to constrict eight enemies at once.
Your skin changes colour to match your surroundings (Stealth).
Your rubbery body absorbs attacks (AC +1).


Message History

* * * LOW HITPOINT WARNING * * *
The redback bites you!
* * * LOW HITPOINT WARNING * * *
The entropy weaver begins to chant a word of entropy!
You block the redback's attack. x2
You release your grip on the entropy weaver.
You block the redback's attack.
You hit the redback. You grab the redback.
The redback is lightly wounded.
You constrict the redback.
The entropy weaver screams the final syllables of the word of entropy!
The word of entropy corrodes you! You block the redback's attack.
You barely miss the redback.
The redback is lightly wounded.
You constrict the redback. The redback bites you.
* * * LOW HITPOINT WARNING * * *
You are lethally poisoned!
The redback poisons you! You block the redback's attack.
You release your grip on the redback.
You die...

#...#^.^..# #.......##
#.^##..^^.## ##.#..##.#
##.#.####...# ###.P####
##^^....^^#..# #...###
#.^#..^#^^#^##
####..P#.##
#.#^.##p.#^..#
#..........
#..#.#^.s#####
#.....#....
##.#..#.#.##,*
##...#......
#.#^##^^s.@##*
#...##......
#.##.##.^#..#
##..#...#...
#######.#..P#
###...#...# #...#.P#
#........
###....########..#.....
♣#### ##..P...#
#.#.#..##.8.8.
##♣♣≈≈.###......##
##.##.........
#P♣≈≈....##.....##
#.....#...>..
♣≈≈P..........#..##
##.#..#......


You could see an entropy weaver and 2 redbacks.

Vanquished Creatures
  Gastronok (Lair:2)
  2 black mambas
  7 spiny frogs
  2 komodo dragons
  A jumping spider (Lair:4)
  2 bog bodies (Swamp:1)
  4 slime creatures (Swamp:1)
  2 giant leeches (Swamp:1)
  4 blink frogs (Lair:2)
  13 yaks
  A spriggan (D:8)
  A hungry ghost (D:8)
  3 hippogriffs
  A basilisk (Lair:3)
  A swamp worm (Swamp:1)
  6 porcupines
  27 water moccasins
  2 orc warriors
  A sky beast (D:5)
  2 swamp drakes (Swamp:1)
  2 black bears
  A phantom (D:8)
  2 centaurs
  3 ogres
  8 crocodiles
  10 giant frogs
  A big kobold (D:7)
  A wyvern zombie (D:5)
  A water moccasin zombie (D:5)
  A water moccasin skeleton (D:8)
  3 scorpions
  4 killer bees (D:8)
  2 electric eels (Lair:3)
  A giant frog zombie (D:6)
  4 orc wizards
  2 jellies
  A centaur skeleton (D:6)
  4 crimson imps
  An orc priest (D:8)
  A giant frog skeleton (D:7)
  6 worker ants
  Natasha (D:2)
  8 iguanas
  A killer bee zombie (D:5)
  5 sheep (Lair:2)
  A hound zombie (D:8)
  A worker ant zombie (D:6)
  19 adders
  A shadow imp (D:6)
  23 river rats
  4 oozes
  An adder zombie (D:5)
  3 worms
  5 giant geckos
  21 orcs
  3 giant cockroaches
  6 goblins
  12 hobgoblins
  6 jackals
  7 quokkas
  3 ball pythons (D:2)
  12 bats
  A giant cockroach zombie (D:5)
  A giant gecko zombie (D:8)
  5 giant newts
  6 kobolds
  5 rats
303 creatures vanquished.

Vanquished Creatures (others)
  An adder (D:4)
1 creature vanquished.

Grand Total: 304 creatures vanquished

Notes
Turn   | Place    | Note
--------------------------------------------------------------
     0 | D:1      | Jerry the Octopode Fighter began the quest for the Orb.
     0 | D:1      | Reached XP level 1. HP: 16/16 MP: 1/1
    96 | D:1      | Reached XP level 2. HP: 18/21 MP: 2/2
   517 | D:1      | Reached skill level 4 in Shields
   518 | D:1      | Reached XP level 3. HP: 21/26 MP: 3/3
  1217 | D:2      | Found a shattered altar of Ashenzari.
  1221 | D:2      | Became a worshipper of Ashenzari the Shackled
  1379 | D:2      | Reached XP level 4. HP: 11/31 MP: 4/4
  1656 | D:2      | Noticed Natasha
  1666 | D:2      | Killed Natasha
  1666 | D:2      | Reached skill level 5 in Shields
  2151 | D:2      | Noticed Natasha
  2234 | D:2      | Reached skill level 1 in Stealth
  2479 | D:3      | Reached XP level 5. HP: 36/36 MP: 5/5
  3679 | D:4      | Found a radiant altar of Vehumet.
  3688 | D:4      | Reached * piety under Ashenzari
  3689 | D:4      | Found a blossoming altar of Fedhas.
  4189 | D:4      | Reached XP level 6. HP: 37/42 MP: 6/6
  4332 | D:4      | Found a deep blue altar of Sif Muna.
  4385 | D:4      | Found Ogisot's Antique Weapon Shop.
  4605 | D:5      | Entered Level 5 of the Dungeon
  5145 | D:5      | Found a staircase to the Ecumenical Temple.
  5166 | D:5      | Reached XP level 7. HP: 40/47 MP: 7/7
  5419 | D:5      | Reached skill level 6 in Shields
  5858 | Temple   | Entered the Ecumenical Temple
  6035 | D:6      | Reached XP level 8. HP: 20/54 MP: 8/8
  6418 | D:6      | Reached skill level 5 in Stealth
  6555 | D:6      | Reached ** piety under Ashenzari
  6746 | D:7      | Reached skill level 5 in Fighting
  6786 | D:7      | Reached skill level 5 in Dodging
  7062 | D:7      | Reached skill level 7 in Shields
  7062 | D:7      | Reached XP level 9. HP: 55/61 MP: 9/9
  7100 | D:7      | Found an iron altar of Okawaru.
  7190 | D:7      | Reached skill level 5 in Long Blades
  7852 | D:8      | Found a snail-covered altar of Cheibriados.
  8086 | D:8      | Found a staircase to the Lair.
  8104 | D:8      | Reached skill level 8 in Stealth
  8491 | Lair:1   | Entered Level 1 of the Lair of Beasts
  8504 | Lair:1   | Noticed a spiny frog
  8507 | Lair:1   | Reached XP level 10. HP: 42/69 MP: 10/10
  8518 | Lair:1   | Killed a spiny frog
  8521 | Lair:1   | Reached skill level 9 in Stealth
  8714 | Lair:1   | Learned a level 4 spell: Petrify
  9109 | Lair:1   | Reached skill level 1 in Transmutations
  9140 | Lair:1   | Noticed a spiny frog
  9152 | Lair:1   | Killed a spiny frog
  9152 | Lair:1   | Reached skill level 1 in Earth Magic
  9281 | Lair:1   | Noticed a spiny frog
  9286 | Lair:1   | Killed a spiny frog
  9322 | Lair:1   | Noticed a komodo dragon
  9332 | Lair:1   | Killed a komodo dragon
  9730 | Lair:2   | Reached skill level 1 in Spellcasting
  9749 | Lair:2   | Noticed Gastronok
  9769 | Lair:2   | Killed Gastronok
  9769 | Lair:2   | Reached XP level 11. HP: 11/75 MP: 12/14
 10189 | Lair:2   | Reached *** piety under Ashenzari
 10572 | Lair:3   | Found a staircase to the Swamp.
 11361 | Lair:3   | Reached skill level 10 in Shields
 11816 | Lair:4   | Reached **** piety under Ashenzari
 11882 | Lair:4   | Reached XP level 12. HP: 76/81 MP: 19/19
 11917 | Lair:4   | Reached skill level 5 in Spellcasting
 12139 | Lair:4   | Found a hole to the Spider Nest.
 12829 | Swamp:1  | Entered Level 1 of the Swamp
 12917 | Swamp:1  | Noticed a seven-headed hydra
 13345 | Swamp:1  | Noticed a four-headed hydra
 13468 | Spider:1 | Entered Level 1 of the Spider Nest
 13468 | Spider:1 | Noticed an entropy weaver
 13477 | Lair:4   | HP: 2/82 [redback (6)]
 13478 | Lair:4   | Succumbed to a redback's poison

Action                   |  1- 3 |  4- 6 |  7- 9 | 10-12 || total
-------------------------+-------+-------+-------+-------++-------
Melee: Long sword        |    59 |    60 |    87 |       ||   206
       Dagger            |       |    87 |    50 |       ||   137
       Falchion          |       |       |   100 |   416 ||   516
Throw: Stone             |       |       |     2 |     5 ||     7
Evoke: Wand              |       |     3 |       |       ||     3
  Use: Scroll            |       |     8 |    11 |     9 ||    28
       Potion            |       |       |     2 |     2 ||     4
 Stab: Sleeping          |     7 |     7 |    25 |    44 ||    83
       Distracted        |       |       |     3 |       ||     3
  Eat: Chunk             |     1 |     6 |     4 |    17 ||    28
       Bread ration      |       |     2 |     1 |       ||     3
